 Dungeon Crawl Stone Soup version 0.31-a0-848-gaac375c287 (webtiles) character file.

Game seed: 3814717790537131704

6113 Psyclone the Destroyer (level 10, -5/64 HPs)
             Began as a Deep Elf Conjurer on Oct 5, 2023.
             Was an Initiate of Ashenzari.
             Slain by an orc knight
             ... wielding a +0 halberd
              (43 damage)
             ... in a bailey.
             The game lasted 00:28:52 (9315 turns).

Psyclone the Destroyer (Deep Elf Conjurer)          Turns: 9315, Time: 00:28:52

Health: -5/64      AC:  5    Str:  4    XL:     10   Next: 58%
Magic:  26/35      EV: 12    Int: 31    God:    Ashenzari [......]
Gold:   516        SH:  0    Dex: 13    Spells: 12/29 levels left

rFire   + . .        a - staff of Ashenzari's Paranoia (curse) {Int+3 Conj, Elem, Self} (curse)
rCold   + . .        (no shield)
rNeg    . . .        F - +2 robe {rC+ rF+}
rPois   .            v - +0 helmet
rElec   .            (no cloak)
rCorr   .            (no gloves)
SInv    +            (no boots)
Will    +....        (no amulet)
Stlth   ++           d - ring of magical power
HPRegen 0.30/turn    w - ring of see invisible
MPRegen 0.24/turn

%: no passive effects
@: no status effects
A: no striking features
a: Renounce Religion, Curse Item, Shatter the Chains


You were in a bailey.
You worshipped Ashenzari.
Ashenzari was noncommittal.
You visited 2 branches of the dungeon, and saw 10 of its levels.
You also visited: Bailey.

You collected 516 gold pieces.

Inventory:

Hand Weapons
 e - a +0 dagger of venom
 H - the +5 halberd of Untimely Demise {protect, Contam rElec Int+8 SInv}
   (You found it on level 9 of the Dungeon)

   Int+8:     It affects your intelligence (+8).
   rElec:     It insulates you from electricity.
   SInv:      It lets you see invisible.
   Contam:    It causes magical contamination when unequipped.
Armour
 v - a +0 helmet (worn)
 x - +0 steam dragon scales
 z - the +1 ring mail of the Bagpipe {Int+5}
   (You found it on level 7 of the Dungeon)

   Int+5:     It affects your intelligence (+5).
 F - a +2 robe of resistance (worn)
Magical Staves
 a - the cursed staff of Ashenzari's Paranoia (weapon) {Int+3 Conj, Elem, Self}
   (You acquired it on level 4 of the Dungeon)

   [staff of conjuration]

   Base accuracy: +5 Base damage: 5 Base attack delay: 1.2 This weapon's minimum
   attack delay (0.6) is reached at skill level 12.
   Int+3:     It affects your intelligence (+3).
   Conj:      It increases the power of your Conjurations spells.
   It falls into the 'Staves' category.
   It is a one-handed weapon.
   It has a curse which improves the following skills: Elements: Fire Magic, Ice
   Magic, Air Magic and Earth Magic.
   Introspection: Fighting and Spellcasting.
Jewellery
 d - a ring of magical power (left hand)
 m - a ring of willpower
 s - a ring of protection from cold
 w - a ring of see invisible (right hand)
 E - a ring of fire
Wands
 f - a wand of flame (25)
 g - a wand of mindburst (43)
 n - a wand of polymorph (8)
 q - a wand of roots (10)
Scrolls
 c - 3 scrolls of blinking
 j - 5 scrolls of immolation {unknown}
 l - 2 scrolls of enchant weapon
 r - a scroll of teleportation
 u - a scroll of revelation
 y - a scroll of poison {unknown}
 A - 2 scrolls of amnesia {unknown}
 B - a scroll of fear {unknown}
 D - a scroll of brand weapon {unknown}
 G - a scroll of enchant armour
Potions
 b - a potion of magic
 h - 4 potions of curing
 i - 2 potions of might
 k - 2 potions of lignification
 o - 4 potions of heal wounds
 p - a potion of cancellation
 t - a potion of mutation
 C - a potion of ambrosia {unknown}


   Skills:
 - Level 7.7(8.1) Fighting
 - Level 2.4 Dodging
 - Level 2.4 Stealth
 - Level 10.0(10.3) Spellcasting
 + Level 11.7 Conjurations
 - Level 6.0 Hexes


You had 12 spell levels left.
You knew the following spells:

 Your Spells              Type           Power      Damage    Failure   Level
a - Magic Dart            Conj           100%       1d8       1%          1
b - Searing Ray           Conj           100%       2d8       1%          2
c - Inner Flame           Hex/Fire       34%        N/A       2%          3
d - Fulminant Prism       Conj/Hex       41%        3d19      1%          4
e - Iskenderun's Mystic   Conj/Tloc      68%        2d14      2%          4
r - Swiftness             Air            16%        N/A       10%         3

Your spell library contained the following spells:

 Spells                   Type           Power      Damage    Failure   Level
 Foxfire                  Conj/Fire      100%       2x1d9     1%          1
 Shock                    Conj/Air       100%       1d9       1%          1
 Ensorcelled Hibernation  Hex/Ice        68%        N/A       1%          2
 Dazzling Flash           Conj/Hex       100%       N/A       1%          3
 Hailstorm                Conj/Ice       68%        3d14      1%          3
 Stone Arrow              Conj/Erth      100%       3d13      1%          3
 Tukima's Dance           Hex            52%        N/A       1%          3
 Brom's Barrelling Bould  Conj/Erth      68%        2d8       2%          4
 Flame Wave               Conj/Fire      68%        2d15      2%          4
 Sticky Flame             Conj/Fire      68%        2d8       2%          4
 Freeze                   Ice            64%        1d7       3%          1
 Sandblast                Erth           32%        2d9       3%          1
 Passwall                 Tmut/Erth      13%        N/A       4%          2
 Dimensional Bullseye     Hex/Tloc       17%        N/A       9%          4
 Frozen Ramparts          Ice            32%        1d5       10%         3
 Airstrike                Air            8%         2d(2-18)  30%         4
 Starburst                Conj/Fire      34%        6d10      41%         6
 Plasma Beam              Fire/Air       8%         2x1d18    99%         6


Dungeon Overview and Level Annotations

Branches:
Dungeon (9/15) Zot: 26628  Temple (1/1) D:4 Zot: 5981    Lair (0/5) D:8
 Bailey (1/1) Zot: 5410
    Orc: D:9-12

Altars:
Ashenzari
Cheibriados
Dithmenos
Elyvilon
Fedhas
Gozag
Hepliaklqana
Kikubaaqudgha
Makhleb
Nemelex Xobeh
Okawaru
Qazlal
Ru
Sif Muna
Trog
Uskayaw
Wu Jian
Xom
Yredelemnul
Zin
The Shining One

Shops:
D:3 :

Annotations:
D:4 exclusion: downstairs
D:5 1 runed translucent door, knightboat's ghost, novice DEHs
D:6 1 runed translucent door, Crazy Yiuf


Message History

Confirm with . or Enter, or press ? or * to list all spells.
Aiming: Fulminant Prism (dangerous; 1% risk of failure)
Press: ? - help, Dir - move target, p - orc warrior You feel a surge of power!
You conjure a prism of explosive energy!
A fulminant prism comes into view.
The orc knight roars a battlecry!
The orc knight goes into a battle-frenzy!
You now have 28/35 mp.
Your fulminant prism crackles loudly.
Your fulminant prism explodes!
The blast of energy engulfs the orc warrior!!
The orc warrior is almost dead.
The blast of energy engulfs the orc knight!
The orc knight is lightly wounded.
You hear a shout!
Casting: Fulminant Prism (dangerous; 1% risk of failure)
Confirm with . or Enter, or press ? or * to list all spells.
Aiming: Fulminant Prism (dangerous; 1% risk of failure)
Press: ? - help, Dir - move target You feel a surge of power!
You conjure a prism of explosive energy!
A fulminant prism comes into view.
You now have 25/35 mp.
Your fulminant prism crackles loudly.
Your fulminant prism explodes!
The blast of energy engulfs the orc knight!!
The orc knight is heavily wounded.
The blast of energy engulfs the orc warrior!
You kill the orc warrior!
The blast of energy engulfs the orc knight!!!
The orc knight is severely wounded.
The orc knight attacks as it pursues you!
The orc knight hits you from afar with a +0 halberd!!
You take 27 damage, and have 37/64 hp.
MASSIVE DAMAGE!!
Things that are here:
a +0 spear; a +0 scale mail; an orc skeleton The orc knight hits you from afar with a +0 halberd!!!
Ouch! That really hurt!
You die...

########### ##.........##
##..~~~~~~~..## ##..~~...@.~~..##
########..~~..###.)~)..##########
.........~~..## ##o.~~..........#
~~~~)~~~~~..##.∩.##).)~~~~~~~~~.#
~...)......##.....##.........)~.#
~.#############+###'#########.~.#
~.## ........# #)~.# ~..##
≈≈§≈§≈≈.. #.)~.# ~~..##
≈...)o≈§.. #..~~.#


You could see an orc knight (strong).

Vanquished Creatures
  A two-headed ogre (D:9)
  Maggie (D:6)
  A komodo dragon (D:8)
  A troll (D:7)
  Sigmund (D:2)
  4 yaks
  A wyvern (D:9)
  Edmund (D:6)
  An acid dragon (D:9)
  4 water moccasins
  A black bear (D:7)
  3 orc warriors
  2 ogres
  3 centaurs (D:9)
  3 bullfrogs
  3 scorpions
  A wyvern zombie (D:7)
  3 water moccasin zombies (D:7)
  7 wights
  6 killer bees (D:9)
  2 howler monkeys
  A centaur zombie (D:7)
  4 hounds
  A gnoll bouda (D:6)
  2 jellies (D:7)
  3 orc priests
  Jessica (D:3)
  5 iguanas
  Terence (D:3)
  Ijyb (D:3)
  11 orc wizards
  3 killer bee zombies (D:7)
  7 gnolls
  2 howler monkey zombies (D:7)
  12 adders
  2 shadow imps
  2 white imps
  2 worms
  3 dart slugs
  41 orcs
  7 ball pythons
  6 bats
  6 endoplasms
  A giant cockroach (D:4)
  7 goblins
  3 hobgoblins
  4 jackals (D:3)
  10 quokkas
  2 frilled lizards
  4 kobolds
  5 rats
209 creatures vanquished.

Vanquished Creatures (others)
  29 fulminant prisms
29 creatures vanquished.

Grand Total: 238 creatures vanquished

Notes
Turn   | Place    | Note
-------+----------+-------------------------------------------
     0 | D:1      | Psyclone the Deep Elf Conjurer began the quest for the Orb.
     0 | D:1      | Reached XP level 1. HP: 10/10 MP: 6/6
   473 | D:1      | Reached XP level 2. HP: 15/15 MP: 8/8
  1041 | D:1      | Found a burning altar of Makhleb.
  1188 | D:2      | Reached skill level 5 in Conjurations
  1188 | D:2      | Reached XP level 3. HP: 17/19 MP: 10/10
  1539 | D:2      | Reached XP level 4. HP: 16/24 MP: 12/12
  1742 | D:2      | Noticed Sigmund
  1783 | D:2      | Learned a level 2 spell: Searing Ray
  1818 | D:2      | Killed Sigmund
  1819 | D:2      | Reached skill level 6 in Conjurations
  1819 | D:2      | Reached XP level 5. HP: 15/28 MP: 13/15
  2379 | D:3      | Noticed Terence
  2385 | D:3      | Killed Terence
  2386 | D:3      | Reached XP level 6. HP: 32/32 MP: 17/17
  2487 | D:3      | Noticed Ijyb
  2493 | D:3      | Killed Ijyb
  2933 | D:3      | Noticed Jessica
  2934 | D:3      | Killed Jessica
  2949 | D:3      | Found Kanaobiops's Book Shoppe.
  3154 | D:4      | Reached skill level 7 in Conjurations
  3273 | D:4      | Reached XP level 7. HP: 36/36 MP: 20/20
  3618 | D:4      | Identified a scroll of acquirement
  3899 | D:4      | Found a staircase to the Ecumenical Temple.
  3909 | Temple   | Entered the Ecumenical Temple
  3921 | Temple   | Became a worshipper of Ashenzari the Shackled
  3980 | D:4      | Found a hazy altar of Hepliaklqana.
  4059 | D:4      | Acquired the staff "Farghy" {Int+3 Conj}
  4091 | D:5      | Entered Level 5 of the Dungeon
  4273 | D:5      | Reached skill level 1 in Fighting
  4614 | D:5      | Found a runed translucent door.
  4619 | D:5      | Noticed knightboat's ghost (novice DEHs)
  4980 | D:6      | Reached XP level 8. HP: 43/46 MP: 22/22
  5043 | D:6      | Noticed Maggie
  5052 | D:6      | Killed Maggie
  5195 | D:6      | Found a runed translucent door.
  5196 | D:6      | Noticed Crazy Yiuf
  5328 | D:6      | Noticed Edmund
  5335 | D:6      | Killed Edmund
  5528 | D:6      | Reached skill level 5 in Fighting
  5662 | D:6      | Learned a level 4 spell: Fulminant Prism
  5729 | D:6      | Found a stormy altar of Qazlal.
  5729 | D:6      | Found a burning altar of Makhleb.
  6160 | D:7      | Learned a level 4 spell: Iskenderun's Mystic Blast
  6177 | D:7      | Reached skill level 8 in Conjurations
  6283 | D:7      | Noticed a troll
  6298 | D:7      | Killed a troll
  6310 | D:7      | Reached XP level 9. HP: 55/55 MP: 18/24
  6509 | D:7      | Reached skill level 9 in Conjurations
  6576 | D:7      | Reached skill level 10 in Spellcasting
  6893 | D:7      | Found a glowing golden altar of the Shining One.
  6965 | D:7      | Reached skill level 10 in Conjurations
  7069 | D:7      | Identified the +1 ring mail of the Bagpipe {Int+5}
  7749 | D:8      | Found a shimmering altar of Xom.
  7750 | D:8      | Found a shimmering altar of Xom.
  7751 | D:8      | Found a shimmering altar of Xom.
  7761 | D:8      | Noticed a komodo dragon
  7781 | D:8      | Killed a komodo dragon
  7782 | D:8      | Reached XP level 10. HP: 64/64 MP: 22/26
  8200 | D:8      | Found a staircase to the Lair.
  8380 | D:9      | Noticed a two-headed ogre
  8395 | D:9      | Reached skill level 5 in Hexes
  8485 | D:9      | Killed a two-headed ogre
  8690 | D:9      | Reached skill level 11 in Conjurations
  8716 | D:9      | Found a flagged portal.
  8737 | D:9      | Identified the +5 halberd of Untimely Demise {protect,
                  | Contam rElec Int+8 SInv}
  8741 | Bailey   | Entered a bailey
  9299 | Bailey   | Learned a level 3 spell: Inner Flame
  9303 | Bailey   | Learned a level 3 spell: Swiftness
  9303 | Bailey   | Noticed an orc knight
  9303 | Bailey   | Noticed an orc knight
  9315 | Bailey   | Slain by an orc knight

Illustrated notes

Levels and vault maps discovered:
D:1:      dpeg_arrival_water_altar, layout_rooms, serial_co_window_serial,
          co_window_paths_b, co_window_cross_1, co_window_paths_a,
          co_window_paths_a, co_window_paths_a, co_window_2corner,
          co_window_broadway_c, co_window_unsneaky_path_a, co_window_corner_cb,
          co_window_unsneaky_path_e, co_window_4corner_b, glass_columns_a,
          glass_columns_a, glass_columns_a, serial_bayou_pond_c
D:2:      layout_basic, chequers_big_river, uniq_sigmund
D:3:      layout_rooms, serial_shops, nicolae_shop_tiny_waterfront,
          kennysheep_generic_room_9, uniq_terence, uniq_ijyb, uniq_jessica
D:4:      layout_cave_pools, worldfamousw_hep_ancestral_shrine,
          minmay_temple_entry_statues_pillars, chequers_serial_rivers_marsh
D:5:      layout_cave_pools, ebering_ghost_sewer_d
D:6:      layout_loops_ring, mainiacjoe_overflow_catch_the_wave,
          dk_noncrumbling_2, minivault_22, uniq_maggie, uniq_edmund,
          uniq_crazy_yiuf_cottage
D:7:      layout_rooms, tso_oasis_becter, serial_undead, serial_undead_b,
          serial_undead_d, serial_undead_e, serial_undead_f, serial_undead_b,
          serial_undead_b, nrook_mini_vaults, minmay_microvault
D:8:      layout_cave_pools, xom_redecorated, david_lair_shrubbed,
          serial_column_ruins, column_ruins_circle_large, column_ruins_grid_4,
          column_ruins_open_small, column_ruins_grid_1,
          column_ruins_open_medium_water, column_ruins_open_small
D:9:      layout_cave_pools, mainiacjoe_overflow_alcove_1, enter_bailey_2,
          serial_shops, nicolae_shop_overgrown_old_shop,
          biasface_ghost_orc_armoury
Temple:   nicolae_temple_x_marks_the_god
Bailey:   bailey_polearm_1, bailey

Skill      XL: |  1  2  3  4  5  6  7  8  9 10 |
---------------+-------------------------------+-----
Spellcasting   | 4 6 7 8 9 10 | 10.0
Conjurations   | 5 6 7 8 10 11 | 11.7
Fighting       | 3 6 7 |  7.7
Hexes          | 2 6 |  6.0
Dodging        | |  2.4
Stealth        | |  2.4

Action                     |  1- 3 |  4- 6 |  7- 9 | 10-12 || total
---------------------------+-------+-------+-------+-------++-------
  Melee: Dagger            |     5 |       |       |       ||     5
         Staff             |       |       |       |     1 ||     1
   Cast: Magic Dart        |    55 |    71 |   122 |    23 ||   271
         Searing Ray       |       |    14 |    60 |    19 ||    93
         Fulminant Prism   |       |       |    15 |    14 ||    29
         Inner Flame       |       |       |       |     1 ||     1
 Invoke: Curse Item        |       |       |     1 |       ||     1
    Use: Scroll            |       |     7 |     6 |       ||    13
         Potion            |       |       |     3 |       ||     3
 Armour: Robe              |     8 |    10 |    22 |    34 ||    74
         Steam dragon scal |       |       |    37 |       ||    37
  Dodge: Dodged            |     6 |     3 |    50 |    28 ||    87

Table legend: (Time is in decaauts)
 A = Elapsed time spent in this place.
 B = Non-inter-level travel time spent in this place.
 C = Inter-level travel time spent in this place.
 D = Time resting spent in this place.
 E = Time spent auto-exploring this place.
 F = Levels seen in this place.
 G = Mean time per level.
                   A        B        C        D        E       F      G
               +--------+--------+--------+--------+--------+-----+--------+
         Total |   9381 |   9076 |    305 |   1554 |   5866 |  11 |  852.8 |
       Dungeon |   8774 |   8475 |    299 |   1229 |   5866 |   9 |  974.9 |
        Temple |     18 |     12 |      6 |      0 |      0 |   1 |   18.0 |
        Bailey |    588 |    588 |      0 |    325 |      0 |   1 |  588.0 |
               +--------+--------+--------+--------+--------+-----+--------+

Top non-repeatable levels by time:
     D:6: 1405 daAuts
     D:2: 1235 daAuts
     D:7: 1196 daAuts
     D:4: 1192 daAuts
     D:1: 1126 daAuts
     D:8: 1074 daAuts
     D:3: 803 daAuts
     D:5: 638 daAuts
  Bailey: 588 daAuts
     D:9: 102 daAuts
  Temple: 18 daAuts
